 Dungeon Crawl Stone Soup version 0.17.1-2-g5865329 (console) character file.

68 utis the Magician (level 4, 0/24 HPs)
             Began as a Tengu Wizard on Feb 16, 2016.
             Slain by a quokka (4 damage)
             ... on level 1 of the Dungeon.
             The game lasted 00:08:46 (1645 turns).

utis the Magician (Tengu Wizard)                    Turns: 1645, Time: 00:08:46

Health: 0/24       AC:  3    Str:  9    XL:     4   Next: 19%
Magic:  11/11      EV: 13    Int: 18    God:
Gold:   21         SH:  0    Dex: 14    Spells: 5 memorised, 1 level left

rFire  . . .     SeeInvis .     k - +1 dagger (venom)
rCold  . . .     Clarity  +     a - +0 robe
rNeg   . . .     SustAt   .     (no shield)
rPois  .         Gourm    .     b - +0 hat
rElec  .         Spirit   .     (no cloak)
rCorr  .         Warding  .     p - +0 pair of gloves
rMut   .         Stasis   .     (boots unavailable)
MR     .....                    (no amulet)
Stlth  ++........               (no ring)
                                (no ring)

@: not resistant to hostile enchantments, unstealthy
A: beak, talons 3, agile 1, clarity
a: no special abilities


You were on level 1 of the Dungeon.
You were not hungry.

You visited 1 branch of the dungeon, and saw 2 of its levels.

You collected 21 gold pieces.

Inventory:

Hand Weapons
 g - a +0 dagger
 j - a +0 short sword
 k - a +1 dagger of venom (weapon)
Missiles
 f - 9 stones (quivered)
 l - 13 sling bullets
 q - a throwing net {=f}
Armour
 a - a +0 robe (worn)
 b - a +0 hat (worn)
 p - a +0 pair of gloves (worn)
Jewellery
 n - a +4 ring of strength {unknown}
Scrolls
 e - a scroll of teleportation {unknown}
Potions
 i - a potion of curing {unknown}
 m - a potion of poison {unknown}
 o - a potion of degeneration {unknown}
Books
 c - a book of Minor Magic

   Spells                             Type                      Level
   a - Magic Dart                     Conjuration                  1
   b - Blink                          Translocation                2
   c - Call Imp                       Summoning                    2
   d - Repel Missiles                 Charms/Air                   2
   e - Slow                           Hexes                        2
   f - Conjure Flame                  Conjuration/Fire             3
   g - Mephitic Cloud                 Conjuration/Poison/Air       3
Comestibles
 d - a bread ration {@e1}
 h - 3 chunks of flesh


   Skills:
 - Level 2.5 Dodging
 - Level 2.0 Stealth
 + Level 4.0 Spellcasting
 * Level 3.0 Conjurations
 - Level 1.2 Summonings
 - Level 0.7 Translocations
 * Level 0.0 Air Magic
 * Level 0.2 Poison Magic


You had one spell level left.
You knew the following spells:

 Your Spells              Type           Power        Failure   Level  Hunger
a - Magic Dart            Conj           ##..         4%          1    None
b - Call Imp              Summ           #.......     14%         2    ##.....
v - Blink                 Tloc           N/A          17%         2    ##.....
C - Mephitic Cloud        Conj/Pois/Air  #.......     30%         3    ###....
Z - Slow                  Hex            #.......     21%         2    ##.....


Dungeon Overview and Level Annotations

Branches:
Dungeon (2/15)

Altars:
Dithmenos
Makhleb
Qazlal

Annotations:
D:2 Sigmund


Innate Abilities, Weirdness & Mutations

You have a beak for a mouth.
You have claws for feet.
You are agile. (Dex +2)
You possess an exceptional clarity of mind.


Message History

Your peck misses the adder.
You feel sick.
You are no longer poisoned.
The adder bites you but does no damage. The quokka bites you.
* * * LOW HITPOINT WARNING * * *
You hit the adder but do no damage.
The adder is poisoned.
The adder closely misses you. The quokka barely misses you.
The adder bites you but does no damage.
Unknown command.
You barely miss the adder. Your kick misses the adder. The quokka misses you.
The adder barely misses you.
You barely miss the adder.
The adder is moderately wounded.
The quokka bites you but does no damage.
The adder barely misses you.
The quokka twitches its whiskers.
The quokka closely misses you.
You hit the adder.
The adder is heavily wounded.
The adder bites you but does no damage. The quokka bites you.
You die...

░░░░.░ ░....†...)........░░░..
░░..░.░░░░...................░░░
░............░░░░░░░.........░░░
░░..>....░░.░..░░ ░░..........➘
........░░..░░..░ ░...........
...........░░░░.░░░░░░...........
.........░░░░░░......░...........
.......░.......r░░░░.............
.......░.░░░░░░.QS.░░............
....)....░░░░░░░░░....░.░░░░░░...
......^░.......░░░░░....░...░..░░
.......░.░░░░░................░░
.......░.░ ░░░░░░░░........░░
░░.░░░.░.░ ░░....░......░
...░░░.░.░ ░.......░...░░
....░░.░.░ ░░░░░...........░
.........░░░░..░░........░░.░


You could see an adder and a quokka.

Vanquished Creatures
  A crimson imp (D:1)
  A worm (D:2)
  4 bats (D:1)
  2 giant cockroaches (D:1)
  3 goblins (D:1)
  6 hobgoblins
  2 giant geckos (D:1)
  3 giant newts
  5 kobolds (D:1)
  5 rats (D:1)
32 creatures vanquished.

Notes
Turn   | Place    | Note
--------------------------------------------------------------
     0 | D:1      | utis the Tengu Wizard began the quest for the Orb.
     0 | D:1      | Reached XP level 1. HP: 10/10 MP: 5/5
   325 | D:1      | Reached XP level 2. HP: 15/15 MP: 4/7
   357 | D:1      | Learned a level 2 spell: Call Imp
   360 | D:1      | Learned a level 2 spell: Blink
   363 | D:1      | Learned a level 2 spell: Slow
   874 | D:1      | Reached XP level 3. HP: 19/19 MP: 2/8
  1218 | D:1      | Gained mutation: You possess an exceptional clarity of mind. [potion of beneficial mutation]
  1219 | D:1      | Gained mutation: You are agile. (Dex +2) [potion of beneficial mutation]
  1248 | D:2      | Found a stormy altar of Qazlal.
  1320 | D:2      | Found a shadowy altar of Dithmenos.
  1338 | D:2      | Noticed Sigmund
  1370 | D:2      | Found a burning altar of Makhleb.
  1399 | D:1      | Reached skill level 4 in Spellcasting
  1399 | D:1      | Reached XP level 4. HP: 13/24 MP: 3/11
  1404 | D:1      | Learned a level 3 spell: Mephitic Cloud
  1645 | D:1      | Slain by a quokka

Action                   |  1- 3 |  4- 6 || total
-------------------------+-------+-------++-------
Melee: Unarmed           |    11 |       ||    11
       Dagger            |    19 |    15 ||    34
Throw: Stone             |     1 |       ||     1
 Cast: Magic Dart        |    66 |       ||    66
       Mephitic Cloud    |       |     1 ||     1
  Use: Scroll            |     2 |       ||     2
       Potion            |     2 |       ||     2
  Eat: Chunk             |     1 |     1 ||     2
